 Dungeon Crawl Stone Soup version 0.16-a0-4115-ga5ed934 (webtiles) character file.

72 toofou the Skirmisher (level 4, -1/41 HPs)
             Began as a Minotaur Berserker on Mar 1, 2015.
             Was a Believer of Trog.
             Killed from afar by Sigmund (6 damage)
             ... with a puff of flame
             ... on level 3 of the Dungeon.
             The game lasted 00:03:34 (1616 turns).

toofou the Skirmisher (Minotaur Berserker)          Turns: 1616, Time: 00:03:34

Health: -1/41      AC:  9    Str: 22    XL:     4   Next: 7%
Magic:  2/2        EV:  9    Int:  4    God:    Trog [**....]
Gold:   82         SH:  0    Dex: 10    Spells: 0 memorised, 3 levels left

rFire  . . .     SeeInvis .     a - +0 falchion
rCold  . . .     Clarity  .     l - +0 chain mail
rNeg   . . .     SustAb   .     (no shield)
rPois  .         Gourm    .     (helmet restricted)
rElec  .         Spirit   .     (no cloak)
rCorr  .         Warding  .     (no gloves)
rMut   .         Stasis   .     (no boots)
MR     .....                    (no amulet)
Stlth  ..........               (no ring)
                                (no ring)

@: starving, not resistant to hostile enchantments, extremely unstealthy
A: retaliatory headbutt, horns 2
a: Burn Spellbooks, Berserk, Trog's Hand, Renounce Religion


You were on level 3 of the Dungeon.
You worshipped Trog.
Trog was pleased with you.
You were starving.

You visited 1 branch of the dungeon, and saw 3 of its levels.

You collected 82 gold pieces.

Inventory:

Hand weapons
 a - a +0 falchion (weapon)
Armour
 b - a +0 animal skin
 l - a +0 chain mail (worn)
Jewellery
 p - a cursed ring of loudness {unknown}
Magical devices
 m - a wand of fireball (5)
Scrolls
 d - a scroll of recharging {unknown}
 e - a scroll of noise {unknown}
 g - 2 scrolls of fog {unknown}
 i - a scroll of random uselessness {unknown}
Potions
 h - a potion of brilliance {unknown}
 j - a potion of curing {unknown}
 k - a potion of mutation {unknown}
 n - a potion of magic {unknown}
 o - a potion of heal wounds {unknown}
Comestibles
 c - a bread ration
 f - a meat ration


   Skills:
 + Level 4.4 Fighting
 + Level 4.3 Long Blades
 + Level 2.9 Armour
 + Level 3.2 Dodging


You had 3 spell levels left.
You didn't know any spells.

Dungeon Overview and Level Annotations

Branches:
Dungeon (3/15)

Altars:

Annotations:
D:3 Sigmund


Innate Abilities, Weirdness & Mutations

You reflexively headbutt those who attack you in melee.
You have a pair of horns on your head.


Message History

Sigmund is almost dead.
Sigmund gestures wildly while chanting.
Sigmund flickers and vanishes!
Deactivating autopickup; reactivate with Ctrl-A.
You barely miss something. Your headbutt misses something. Something hits you.
You writhe in agony.
You closely miss something.
You hear some strange, mumbled words.
A puff of flame appears from out of thin air!
The puff of flame hits you!
You miss something. Something hits you.
You writhe in agony.
You hit something but do no damage.
Your chain mail prevents you from hitting something.
Something hits you!
* * * LOW HITPOINT WARNING * * *
You writhe in agony.
You closely miss something.
You hear some strange, mumbled words.
The puff of flame hits you!
You die...

###.. ... ..... ....
..#.. .)... ....# #......
..### ....... ..#
#######.....# ..#
#...........# ..#
#.....@)....#
..#########....{.........
..#.......#.......##....
.##.......#.......# ...
.##)......#.......# .
..........'.....#.#
###......##########
..................
########.#...#...#


There were no monsters in sight!

Vanquished Creatures
  Jessica (D:2)
  2 adders (D:2)
  A giant mite (D:1)
  A giant gecko (D:1)
  5 goblins
  6 hobgoblins
  4 jackals (D:1)
  3 kobolds (D:2)
  A quokka (D:2)
  2 bats
  3 giant newts
  2 rats
31 creatures vanquished.

Notes
Turn   | Place    | Note
--------------------------------------------------------------
     0 | D:1      | toofou, the Minotaur Berserker, began the quest for the Orb.
     0 | D:1      | Reached XP level 1. HP: 19/19 MP: 1/1
   115 | D:1      | Reached XP level 2. HP: 24/27 MP: 1/1
   135 | D:1      | Reached skill level 4 in Fighting
   987 | D:2      | Acquired Trog's second power
   987 | D:2      | Reached XP level 3. HP: 30/34 MP: 2/2
  1353 | D:2      | Noticed Jessica
  1357 | D:2      | Killed Jessica
  1438 | D:2      | Reached XP level 4. HP: 38/41 MP: 2/2
  1589 | D:3      | Noticed Sigmund
  1616 | D:3      | Killed from afar by Sigmund

Action                   |  1- 3 |  4- 6 || total
-------------------------+-------+-------++-------
Melee: Falchion          |    51 |    26 ||    77
